 Dungeon Crawl Stone Soup version 0.28-a0-563-gf77a47075d (webtiles) character file.

Game seed: 12563419350514961247

840 timneilson the Shield-Bearer (level 8, -6/48 HPs)
             Began as a Gargoyle Fighter on Sept 30, 2021.
             Was a Follower of Okawaru.
             Mangled by an ogre (8 damage)
             ... on level 5 of the Dungeon.
             The game lasted 00:07:53 (5377 turns).

timneilson the Shield-Bearer (Gargoyle Fighter)     Turns: 5377, Time: 00:07:54

Health: -6/48      AC: 20    Str: 22    XL:     8   Next: 0%
Magic:  9/9        EV:  6    Int:  9    God:    Okawaru [*.....]
Gold:   276        SH: 10    Dex:  9    Spells: 7/7 levels left

rFire   . . .      SeeInvis .   a - +1 long sword
rCold   . . .      Faith    .   c - +2 kite shield
rNeg    + . .      Spirit   .   g - +0 chain mail
rPois   ∞          Reflect  .   (no helmet)
rElec   +          Harm     .   (no cloak)
rCorr   .          Rampage  .   f - +0 pair of gloves
Will    .....                   (no boots)
Stlth   ..........              (no amulet)
HPRegen 0.16/turn               q - +4 ring of protection
MPRegen 0.11/turn               (no ring)

@: no status effects
A: sickness immunity, AC +5, negative energy resistance 1, electricity
resistance, torment resistance 1, petrification resistance
a: Renounce Religion, Heroism


You were on level 5 of the Dungeon.
You worshipped Okawaru.
Okawaru was aware of your devotion.
You visited 2 branches of the dungeon, and saw 6 of its levels.
You also visited: Ossuary.

You collected 276 gold pieces.

Inventory:

Hand Weapons
 a - a +1 long sword (weapon)
Armour
 c - a +2 kite shield (worn)
 f - a +0 pair of gloves (worn)
 g - a +0 chain mail (worn)
Jewellery
 q - a +4 ring of protection (left hand)
Scrolls
 i - 5 scrolls of teleportation
 j - 2 scrolls of identify
Potions
 b - 2 potions of heal wounds
 d - 2 potions of might
 e - a potion of lignification
 h - a potion of ambrosia
 k - 4 potions of mutation
 l - 2 potions of brilliance
 m - 2 potions of attraction


   Skills:
 + Level 4.6 Fighting
 * Level 4.2 Long Blades
 * Level 5.5 Armour
 + Level 2.1 Dodging
 * Level 5.6 Shields
 + Level 1.9 Invocations


You had 7 spell levels left.
You didn't know any spells.
Your spell library contained the following spells:

 Spells                   Type           Power      Damage    Failure   Level
 Magic Dart               Conj           0%         1d3       100%        1
 Pain                     Necr           0%         1d4       100%        1
 Gell's Gravitas          Tloc           0%         N/A       100%        3
 Mephitic Cloud           Conj/Pois/Air  0%         N/A       100%        3
 Teleport Other           Tloc           0%         N/A       100%        3
 Vampiric Draining        Necr           0%         2d6       100%        3
 Dispersal                Tloc           0%         N/A       100%        6
 Animate Skeleton         Necr           Unusable   N/A       N/A         1
 Call Imp                 Summ           Unusable   N/A       N/A         2

Dungeon Overview and Level Annotations

Branches:
Dungeon (5/15)             Temple (1/1) D:4         Ossuary (visited)

Altars:
Ashenzari
Cheibriados
Dithmenos
Elyvilon
Fedhas
Gozag
Hepliaklqana
Makhleb
Nemelex Xobeh
Okawaru
Qazlal
Ru
Sif Muna
Trog
Uskayaw
Vehumet
Wu Jian
Xom
Yredelemnul
Zin
The Shining One


Innate Abilities, Weirdness & Mutations

You are immune to sickness and miasma.
Your stone body is resilient. (AC +5)
You are immune to poison.
You resist negative energy. (rN+)
You are resistant to electric shocks. (rElec)
You are resistant to unholy torment.
You are immune to petrification.


Message History

You block the ogre's attack.
You see here a +0 mace.
There is a stone staircase leading up here.
You block the ogre's attack.
You climb upwards.
There is a stone staircase leading down here.
You hit the ogre.
The ogre is heavily wounded.
You block the ogre's attack.
You slash the ogre!
The ogre is severely wounded.
You block the ogre's attack.
You barely miss the ogre.
The ogre is severely wounded.
The ogre barely misses you.
You hit the ogre.
The ogre is almost dead.
You block the ogre's attack.
You slash the ogre!
You kill the ogre!
Okawaru accepts your kill.
You have reached level 8!
You feel clever.
You start resting.
HP restored.
You climb downwards.
The ogre hits you with a +0 giant club!
There is a stone staircase leading up here.
You barely miss the ogre. The ogre hits you with a +0 giant club!
You hit the ogre.
The ogre is lightly wounded.
The ogre hits you but does no damage.
You completely miss the ogre.
The ogre is lightly wounded.
The ogre hits you with a +0 giant club!!
* * * LOW HITPOINT WARNING * * *
You block the ogre's attack.
You hit the ogre.
The ogre is lightly wounded.
The ogre hits you with a +0 giant club!
You die...

############
#..........#
#.......O@.#
#..........#
#..........#
#..........#
#..........#
#.....[....#
#..........#
###.########
#.#


You could see an ogre.

Vanquished Creatures
  An ogre (D:4)
  A centaur (D:3)
  An elf zombie (Ossuary)
  2 elf skeletons (D:4)
  2 scorpions (D:4)
  2 human zombies (Ossuary)
  A human skeleton (D:4)
  Terence (D:3)
  3 iguanas
  An orc wizard (D:3)
  A hound skeleton (D:4)
  2 mummies (Ossuary)
  An adder (D:3)
  An ufetubus (D:4)
  An adder zombie (Ossuary)
  An adder skeleton (D:4)
  4 dart slugs
  4 worms
  6 orcs
  4 bats
  7 endoplasms
  4 giant cockroaches
  3 hobgoblins
  2 quokkas
  7 ball pythons
  3 frilled lizards
  4 goblins
  2 goblin zombies (Ossuary)
  11 hobgoblin zombies (Ossuary)
  4 jackal zombies (Ossuary)
  9 kobolds
  8 kobold zombies (Ossuary)
  2 orc skeletons (D:4)
  9 orc zombies
  7 rats
122 creatures vanquished.

Notes
Turn   | Place    | Note
-------+----------+-------------------------------------------
     0 | D:1      | timneilson the Gargoyle Fighter began the quest for the
                  | Orb.
     0 | D:1      | Reached XP level 1. HP: 14/14 MP: 1/1
    95 | D:1      | Reached XP level 2. HP: 17/19 MP: 2/2
   137 | D:1      | Found a faded altar of an unknown god.
   590 | D:1      | Reached XP level 3. HP: 18/23 MP: 3/3
  1588 | D:2      | Reached XP level 4. HP: 11/28 MP: 4/4
  2481 | D:3      | Noticed a centaur
  2600 | D:3      | Killed a centaur
  2601 | D:3      | Reached skill level 1 in Dodging
  2601 | D:3      | Reached XP level 5. HP: 15/33 MP: 5/5
  2886 | D:3      | Noticed Terence
  2925 | D:3      | Killed Terence
  3272 | D:3      | Reached XP level 6. HP: 31/38 MP: 6/6
  3403 | D:4      | Found a staircase to the Ecumenical Temple.
  3411 | Temple   | Entered the Ecumenical Temple
  3451 | Temple   | Became a worshipper of Warmaster Okawaru
  3670 | D:4      | Found a sand-covered staircase.
  3680 | D:4      | Reached * piety under Okawaru
  3681 | D:4      | Reached skill level 5 in Shields
  3681 | D:4      | Reached skill level 1 in Invocations
  3681 | D:4      | Reached XP level 7. HP: 34/43 MP: 7/7
  3687 | Ossuary  | Entered an ossuary
  3879 | Ossuary  | Reached skill level 5 in Armour
  5132 | D:5      | Entered Level 5 of the Dungeon
  5341 | D:4      | Reached XP level 8. HP: 43/48 MP: 9/9
  5376 | D:5      | HP: 2/48 [ogre (18)]
  5377 | D:5      | Mangled by an ogre

Illustrated notes

Levels and vault maps discovered:
D:1:      minmay_arrival_wavy_path, layout_basic,
          dreamdust_ecumenical_altar_statues, minmay_surrounded
D:2:      layout_loops_ring, kennysheep_cross_room
D:3:      layout_basic, minivault_4, uniq_terence
D:4:      layout_cave_pods, minmay_temple_entry_arrows,
          nicolae_ossuary_entry_catacombs, minmay_misc_feat_columns
D:5:      minmay_angry_zag, layout_rooms, st_stairs_14, kennysheep_flooded_box,
          kennysheep_doodads
Temple:   kilobyte_greek_temple

Skill      XL: |  1  2  3  4  5  6  7 |
---------------+----------------------+-----
Long Blades    | 2 3 4 |  4.2
Armour         | 4 5 |  5.5
Shields        | 4 5 |  5.6
Dodging        | 1 2 |  2.1
Fighting       | 4 |  4.6
Invocations    | 1 |  1.9

Action                   |  1- 3 |  4- 6 |  7- 9 || total
-------------------------+-------+-------+-------++-------
Melee: Long sword        |   125 |   119 |   233 ||   477
  Use: Scroll            |     5 |     4 |     9 ||    18
Armor: Scale mail        |    75 |    25 |       ||   100
       Chain mail        |       |    58 |   117 ||   175
Dodge: Dodged            |    57 |    56 |    66 ||   179
Block: Buckler           |    22 |    21 |    35 ||    78
       Kite shield       |       |       |     7 ||     7

Table legend: (Time is in decaauts)
 A = Elapsed time spent in this place.
 B = Non-inter-level travel time spent in this place.
 C = Inter-level travel time spent in this place.
 D = Time resting spent in this place.
 E = Time spent auto-exploring this place.
 F = Levels seen in this place.
 G = Mean time per level.
                   A        B        C        D        E       F      G
               +--------+--------+--------+--------+--------+-----+--------+
         Total |   5499 |   5407 |     92 |    621 |   3409 |   7 |  785.6 |
       Dungeon |   4907 |   4815 |     92 |    603 |   3161 |   5 |  981.4 |
        Temple |     87 |     87 |      0 |      0 |      0 |   1 |   87.0 |
       Ossuary |    504 |    504 |      0 |     18 |    248 |   1 |  504.0 |
               +--------+--------+--------+--------+--------+-----+--------+

Top non-repeatable levels by time:
     D:3: 1304 daAuts
     D:4: 1234 daAuts
     D:1: 1154 daAuts
     D:2: 1003 daAuts
 Ossuary: 504 daAuts
     D:5: 210 daAuts
  Temple: 87 daAuts
